 Dungeon Crawl Stone Soup version 0.19-a0-474-g1cd1b9d (webtiles) character file.

331 Steelers13 the Skirmisher (level 6, 0/56 HPs)
             Began as a Minotaur Berserker on June 4, 2016.
             Was a Believer of Trog.
             Killed from afar by fuyune's ghost (4 damage)
             ... with a magic dart
             ... on level 4 of the Dungeon.
             The game lasted 00:21:24 (4200 turns).

Steelers13 the Skirmisher (Minotaur Berserker)      Turns: 4200, Time: 00:21:24

Health: 0/56       AC:  9    Str: 26    XL:     6   Next: 26%
Magic:  5/5        EV: 10    Int:  4    God:    Trog [**....]
Gold:   199        SH:  0    Dex: 11    Spells: 0 memorised, 5 levels left

rFire  . . .     SeeInvis .     a - +0 short sword
rCold  . . .     Gourm    .     D - +0 chain mail
rNeg   . . .     Faith    .     (no shield)
rPois  .         Spirit   .     (helmet restricted)
rElec  .         Dismiss  .     (no cloak)
rCorr  .         Reflect  .     (no gloves)
SustAt .         Harm     .     (no boots)
MR     .....                    (no amulet)
Stlth  ..........               r - +4 ring of strength
                                i - ring of stealth

@: exhausted, slowed, very slow, not resistant to hostile enchantments,
extremely unstealthy
A: retaliatory headbutt, horns 2
a: Berserk, Trog's Hand, Burn Spellbooks, Renounce Religion


You were on level 4 of the Dungeon.
You worshipped Trog.
Trog was pleased with you.
You were not hungry.

You visited 1 branch of the dungeon, and saw 4 of its levels.

You collected 199 gold pieces.

Inventory:

Hand Weapons
 a - a +0 short sword (weapon)
 u - a +0 spear
 F - a cursed -2 morningstar
 H - a +0 falchion
 I - a +2 dagger of freezing
 J - a +0 rapier
Missiles
 G - 6 javelins of penetration (quivered)
Armour
 D - a +0 chain mail (worn)
Jewellery
 i - a ring of stealth (left hand)
 r - a +4 ring of strength (right hand)
Wands
 x - a wand of polymorph (14/24)
 y - a wand of random effects (21/48)
Scrolls
 b - a scroll of enchant armour {unknown}
 d - a scroll of amnesia {unknown}
 f - a scroll of remove curse {unknown}
 h - 2 scrolls of enchant weapon {unknown}
 k - a scroll of magic mapping {unknown}
 m - a scroll of identify {unknown}
 n - 2 scrolls of recharging {unknown}
 o - a scroll of teleportation {unknown}
 v - a scroll of blinking {unknown}
 B - a scroll of noise {unknown}
Potions
 c - a potion of flight {unknown}
 e - 3 potions of curing {unknown}
 g - 2 potions of brilliance {unknown}
 l - 2 potions of mutation {unknown}
 p - 2 potions of degeneration {unknown}
 q - a potion of might {unknown}
 s - a potion of agility {unknown}
 t - a potion of magic {unknown}
 w - a potion of heal wounds {unknown}
 M - a potion of invisibility {unknown}
Books
 C - a book of Minor Magic

   Spells                             Type                      Level
   a - Magic Dart                     Conjuration                  1
   b - Blink                          Translocation                2
   c - Call Imp                       Summoning                    2
   d - Repel Missiles                 Charms/Air                   2
   e - Slow                           Hexes                        2
   f - Conjure Flame                  Conjuration/Fire             3
   g - Mephitic Cloud                 Conjuration/Poison/Air       3
   Trog disapproves of the use of such an item.
Miscellaneous
 E - a plain deck of destruction {drawn: 1}
Comestibles
 j - a beef jerky
 z - 2 meat rations
 A - a slice of pizza
 K - 6 chunks of flesh
 L - a bread ration


   Skills:
 + Level 5.0 Fighting
 + Level 4.7 Short Blades
 + Level 4.8 Armour
 + Level 3.9 Dodging
 + Level 0.5 Stealth


You had 5 spell levels left.
You didn't know any spells.

Dungeon Overview and Level Annotations

Branches:
Dungeon (4/15)
 Temple: D:4-7

Altars:
Cheibriados
Nemelex Xobeh
Pakellas
Uskayaw

Annotations:
D:4 fuyune's ghost, amateur DsWz


Innate Abilities, Weirdness & Mutations

You reflexively headbutt those who attack you in melee.
You have a pair of horns on your head.


Message History

You hit fuyune's ghost. Your headbutt misses fuyune's ghost.
Fuyune's ghost is heavily damaged.
Fuyune's ghost closely misses you.
You barely miss fuyune's ghost. Your headbutt misses fuyune's ghost.
Fuyune's ghost is heavily damaged.
Fuyune's ghost barely misses you. You furiously retaliate!
You headbutt fuyune's ghost! Fuyune's ghost hits you!
* * * LOW HITPOINT WARNING * * *
You hit fuyune's ghost.
You headbutt fuyune's ghost, but do no damage.
Fuyune's ghost is severely damaged.
Fuyune's ghost hits you but does no damage.
You hit fuyune's ghost but do no damage.
Your headbutt misses fuyune's ghost.
Fuyune's ghost is severely damaged.
Fuyune's ghost mumbles some strange words.
Fuyune's ghost blinks!
Fuyune's ghost points at you and mumbles some strange words.
The magic dart hits you!
You die...

#.#.....# #
##.##.#..######## #
#...............#
#######..#..##.######.#
.........#..##.######.#
#.
#######.##..##........#
#. #.##..##..#####.# #.
######.##..##..# #.# #.
##.#....W§@.##..#####.#
#.
#.....................#
#.
#....#.##.##.###..####..#
##
####.#.##.##............#
# #
#†##.######..####..#####
#.##.. ...#..........
#.#### ###.#.#########
... #.# ..... ..


You could see fuyune's ghost.

Vanquished Creatures
  2 scorpions (D:4)
  An orc priest (D:4)
  2 orc wizards
  4 gnolls (D:2)
  2 adders
  2 oozes
  3 worms (D:2)
  2 dart slugs
  6 orcs
  2 ball pythons
  5 bats
  7 giant cockroaches
  3 hobgoblins (D:2)
  7 jackals
  4 giant newts
  6 goblins
  7 kobolds
  4 rats
69 creatures vanquished.

Notes
Turn   | Place    | Note
--------------------------------------------------------------
     0 | D:1      | Steelers13 the Minotaur Berserker began the quest for the Orb.
     0 | D:1      | Reached XP level 1. HP: 19/19 MP: 0/0
   503 | D:1      | Reached XP level 2. HP: 18/27 MP: 1/1
  1036 | D:2      | Reached skill level 4 in Fighting
  1036 | D:2      | Reached XP level 3. HP: 29/33 MP: 2/2
  1337 | D:2      | Reached XP level 4. HP: 25/40 MP: 3/3
  1449 | D:2      | Found a snail-covered altar of Cheibriados.
  1458 | D:2      | Reached ** piety under Trog
  1791 | D:2      | Found a hide-covered altar of Uskayaw.
  1797 | D:2      | Found an oddly glowing altar of Pakellas.
  2886 | D:3      | Found a sparkling altar of Nemelex Xobeh.
  3446 | D:3      | Reached XP level 5. HP: 27/47 MP: 4/4
  4019 | D:4      | Found an oddly glowing altar of Pakellas.
  4059 | D:4      | Reached XP level 6. HP: 33/55 MP: 5/5
  4156 | D:4      | Noticed fuyune's ghost (amateur DsWz)
  4159 | D:4      | Reached skill level 5 in Fighting
  4200 | D:4      | Killed from afar by fuyune's ghost

Vault maps used:
D:1:      minmay_arrival_loop
D:2:      grunt_temple_overflow_open, kennysheep_slug_shrine
D:3:      nemelex_deck, serial_glass, glass_columns_b, glass_columns_c,
          glass_columns_b, glass_columns_a, glass_columns_c, glass_columns_a
D:4:      overflow_temple_1_default, nicolae_overflow_crystal_walls,
          grunt_pakellas_salt

Skill      XL: |  1  2  3  4  5  6 |
---------------+-------------------+-----
Fighting       | 4 5 |  5.0
Armour         | 3 4 |  4.8
Short Blades   | 4 |  4.7
Dodging        | 3 |  3.9
Stealth        | |  0.5

Action                   |  1- 3 |  4- 6 || total
-------------------------+-------+-------++-------
Melee: Short sword       |    54 |   133 ||   187
       Headbutt          |     7 |    22 ||    29
Invok: Berserk           |     1 |     2 ||     3
Evoke: Deck              |       |     1 ||     1
  Eat: Bread ration      |     1 |     2 ||     3
       Chunk             |     1 |     1 ||     2
Armor: Leather armour    |     6 |       ||     6
       Scale mail        |    14 |    18 ||    32
       Chain mail        |       |    42 ||    42
Dodge: Dodged            |    42 |    82 ||   124
